 Dungeon Crawl Stone Soup version 0.31-a0-187-gba352fbbf7 (webtiles) character file.

Game seed: 8412236271578022245

29 qw the Shooter (level 3, -2/20 HPs)
             Began as a Deep Elf Hunter on June 22, 2023.
             Shot with an arrow by a centaur (10 damage)
             ... on level 3 of the Dungeon.
             The game lasted 00:00:18 (1031 turns).

qw the Shooter (Deep Elf Hunter)                    Turns: 1031, Time: 00:00:19

Health: -2/20      AC:  5    Str: 10    XL:     3   Next: 1%
Magic:  5/5        EV: 11    Int: 13    God:
Gold:   123        SH:  0    Dex: 18    Spells: 2/2 levels left

rFire   . . .        b - +0 longbow
rCold   . . .        (shield currently unavailable)
rNeg    . . .        e - +0 ring mail
rPois   .            (no helmet)
rElec   .            (no cloak)
rCorr   .            (no gloves)
SInv    .            (no boots)
Will    .....        (no amulet)
Stlth   +            (no ring)
HPRegen 0.23/turn    (no ring)
MPRegen 0.09/turn

%: no passive effects
@: no status effects
A: no striking features
a: no special abilities


You were on level 3 of the Dungeon.
You visited 1 branch of the dungeon, and saw 3 of its levels.

You collected 123 gold pieces.


   Skills:
 - Level 1.5 Fighting
 + Level 6.6 Ranged Weapons
 - Level 2.4 Dodging
 - Level 1.2 Stealth


You had 2 spell levels left.
You didn't know any spells.
Your spell library was empty.

Inventory:

Hand Weapons
 b - a +0 longbow (weapon)
Armour
 c - a +0 cloak
 e - a +0 ring mail (worn)
 p - a +0 helmet
Jewellery
 l - a +6 ring of intelligence
 n - a ring of ice
Scrolls
 g - a scroll of blinking {unknown}
 k - 2 scrolls of teleportation
 o - a scroll of enchant armour {unknown}
Potions
 a - a potion of curing {unknown}
 d - a potion of ambrosia {unknown}
 f - 2 potions of heal wounds
 h - a potion of might {unknown}
 i - 3 potions of haste {unknown}
 j - 2 potions of enlightenment {unknown}
 m - a potion of attraction {unknown}

Dungeon Overview and Level Annotations

Branches:
Dungeon (2/15)

Altars:


Message History

The ball python hisses angrily.
You shoot an arrow.
The arrow closely misses the ball python.
You shoot an arrow. The arrow hits the ball python!
You kill the ball python!
o - a scroll labelled GIR HITUUDERPH
Found a stone staircase leading down.
There is a stone staircase leading down here.
A kobold comes into view. It is wielding a +0 dagger.
Enter note: You shoot an arrow.
The arrow hits the kobold!
You kill the kobold!
p - a +0 helmet
Enter note: An orc comes into view. It is wielding a +0 quarterstaff.
Enter note: You shoot an arrow.
The orc shouts!
The arrow hits the orc.
The orc is heavily wounded.
A centaur comes into view.
You shoot an arrow. The arrow closely misses the orc.
The centaur shouts!
The centaur wields a +2 orcbow of electrocution.
You hear the crackle of electricity.
The centaur shoots an arrow.
The arrow barely misses you.
You shoot an arrow. The arrow hits the orc!
You kill the orc!
The centaur shoots an arrow.
The arrow closely misses you.
The centaur shoots an arrow.
The arrow hits you!
Ouch! That really hurt!
You have reached level 3!
Your experience leads to an increase in your attributes!
Increase (S)trength, (I)ntelligence, or (D)exterity?
You feel stronger. x2
You shoot an arrow. The arrow hits the centaur.
The centaur is moderately wounded.
The centaur shoots an arrow.
The arrow hits you!
Ouch! That really hurt!
You die...

###########.##
.......@.)...#
###
#.#####..#..c..#
..### #. #..#
...## ....#
#.#####..# .##
#.#.# #........#
# #.#># #
#.#..##.## ..#.#
#. #.....# ..#.#
#.#####.###
..#.# ...#...#


You could see a centaur.

Vanquished Creatures
  A dart slug (D:2)
  An orc (D:3)
  3 bats (D:1)
  2 endoplasms
  2 hobgoblins (D:1)
  2 kobolds
  2 quokkas
  3 ball pythons
  A frilled lizard (D:1)
  4 goblins
  3 rats (D:1)
24 creatures vanquished.

Notes
Turn   | Place    | Note
-------+----------+-------------------------------------------
     0 | D:1      | qw the Deep Elf Hunter began the quest for the Orb.
     0 | D:1      | Reached XP level 1. HP: 12/12 MP: 3/3
     0 | D:1      | 0 ||| qw: Version: 0.3-a-9-g12657ce
     0 | D:1      | 0 ||| qw: Game counter: 2235
     0 | D:1      | 0 ||| qw: Always use a shield: true
     0 | D:1      | 0 ||| qw: God list: Okawaru
     0 | D:1      | 0 ||| qw: Allow faded altars: false
     0 | D:1      | 0 ||| qw: Do Orc after D:15 true
     0 | D:1      | 0 ||| qw: Do second Lair branch before Depths: true
     0 | D:1      | 0 ||| qw: Lair rune preference: random
     0 | D:1      | 0 ||| qw: Plans: Normal
     0 | D:1      | 0 ||| PLANNING D:1-11
   261 | D:1      | Reached skill level 6 in Ranged Weapons
   261 | D:1      | Reached XP level 2. HP: 16/16 MP: 4/4
   614 | D:1      | 614 ||| UPGRADING to +0 ring mail.
   624 | D:1      | 624 ||| DROPPING +0 leather armour.
   625 | D:1      | 625 ||| READING scroll labelled CUIRAOMPON.
   626 | D:1      | 626 ||| READING scroll labelled COCRUO ZEOFUP.
   627 | D:1      | 627 ||| READING 2 scrolls labelled OBOOHU RETTICZEO.
   630 | D:1      | 630 ||| DRINKING 2 red potions.
   631 | D:1      | 631 ||| DROPPING scroll of butterflies.
   709 | D:2      | 709 ||| SWAPPING to +0 longbow.
   710 | D:2      | 710 ||| DROPPING +1 shortbow.
   764 | D:2      | Found a faded altar of an unknown god.
   815 | D:2      | You fall into a shaft and drop 1 floor!
  1028 | D:3      | Noticed a centaur
  1031 | D:3      | Reached XP level 3. HP: 7/20 MP: 5/5
  1031 | D:3      | Shot with an arrow by a centaur

Levels and vault maps discovered:
D:1:      lemuel_arrival_hallway, layout_basic, hangedman_feature_mirror
D:2:      layout_basic, ebering_ecumenical_altar_box, wad_woods_river_04,
          minmay_lizard_pond, uniq_natasha
D:3:      layout_loops_corners, chequers_mini_garden,
          chequers_serial_rivers_large_a, grunt_ministairs_4,
          nicolae_grassy_gnolls

Skill      XL: |  1 |
---------------+----+-----
Ranged Weapons | 6 |  6.6
Fighting       | |  1.5
Dodging        | |  2.4
Stealth        | |  1.2

Action                     || total
---------------------------++-------
   Fire: Shortbow          ||    41
         Longbow           ||    15
    Use: Scroll            ||     3
         Potion            ||     1
 Armour: Leather armour    ||     3
  Dodge: Dodged            ||     7

Table legend:
 A = Non-vault XP
 B = Vault XP
 C = Vault XP percentage of total XP
 D = Non-vault monster count
 E = Vault monster count
 F = Vault count percentage of total count
                 A         B        C        D         E       F
            +---------+---------+-------+---------+---------+-------
      Total |      40 |       2 |   4.8 |      23 |       1 |   4.2
            +---------+---------+-------+---------+---------+-------
        D:1 |      22 |       0 |   0.0 |      15 |       0 |   0.0
        D:2 |      10 |       0 |   0.0 |       4 |       0 |   0.0
        D:3 |       8 |       2 |  20.0 |       4 |       1 |  20.0
            +---------+---------+-------+---------+---------+-------
